 Dungeon Crawl Stone Soup version 0.24-a0-549-g45f0056d81 (webtiles) character file.

Game seed: 17709009198639158252

6360 Peloso the Carver (level 10, -1/88 HPs)
             Began as a Minotaur Fighter on Aug 20, 2019.
             Was a Priest of Okawaru.
             Killed from afar by a swamp worm (12 damage)
             ... with a harpoon shot
             ... on level 9 of the Dungeon.
             The game lasted 00:20:10 (10193 turns).

Peloso the Carver (Minotaur Fighter)               Turns: 10193, Time: 00:20:11

Health: -1/88      AC: 18    Str: 23    XL:     10   Next: 65%
Magic:  9/9        EV:  9    Int:  5    God:    Okawaru [***...]
Gold:   525        SH: 12    Dex: 11    Spells: 9/9 levels left

rFire    . . .     SeeInvis .   a - +0 long sword
rCold    + . .     Gourm    .   c - +0 shield
rNeg     . . .     Faith    .   b - +2 chain mail {rC+}
rPois    +         Spirit   .   (helmet restricted)
rElec    .         Reflect  .   (no cloak)
rCorr    .         Harm     .   D - +2 pair of gloves
MR       +....                  E - +0 pair of boots
Stlth    ..........             (no amulet)
HPRegen  0.24/turn              B - ring of protection from magic
MPRegen  0.11/turn              v - ring of poison resistance

@: no status effects
A: retaliatory headbutt, horns 2
a: Heroism, Renounce Religion


You were on level 9 of the Dungeon.
You worshipped Okawaru.
Okawaru was most pleased with you.
You were not hungry.

You visited 2 branches of the dungeon, and saw 10 of its levels.
You also visited: Ossuary.

You collected 525 gold pieces.

Inventory:

Hand Weapons
 a - a +0 long sword (weapon)
Armour
 b - a +2 chain mail of cold resistance (worn)
 c - a +0 shield (worn)
 D - a +2 pair of gloves (worn)
 E - a +0 pair of boots (worn)
Jewellery
 d - a +3 ring of intelligence
 h - an uncursed ring of fire
 v - a ring of poison resistance (right hand)
 x - an uncursed ring of protection from fire
 B - a ring of protection from magic (left hand)
Wands
 z - a wand of acid (8)
 A - a wand of flame (18)
Scrolls
 e - 2 scrolls of identify
 j - a scroll of fog
 l - 5 scrolls of teleportation
 o - 2 scrolls of enchant armour {unknown}
 q - 3 scrolls of random uselessness {unknown}
 s - 3 scrolls of remove curse {unknown}
 t - 3 scrolls of enchant weapon {unknown}
 w - 3 scrolls of silence {unknown}
 y - 3 scrolls of amnesia {unknown}
Potions
 i - 2 potions of ambrosia
 k - 3 potions of flight
 m - 3 potions of curing
 n - 2 potions of magic
 p - 2 potions of invisibility
 r - a potion of resistance
 u - a potion of mutation
 C - a potion of agility
Comestibles
 f - 4 rations
 F - 7 chunks of flesh


   Skills:
 + Level 8.1 Fighting
 + Level 11.4 Long Blades
 + Level 9.7 Armour
 + Level 3.5 Dodging
 + Level 1.5 Stealth
 + Level 10.1 Shields
 + Level 1.1 Invocations


You had 9 spell levels left.
You didn't know any spells.
Your spell library was empty.

Dungeon Overview and Level Annotations

Branches:
Dungeon (9/15)             Temple (1/1) D:5            Lair (0/6) D:8
    Orc: D:9-12

Altars:
Ashenzari
Cheibriados
Dithmenos
Elyvilon
Fedhas
Gozag
Hepliaklqana
Kikubaaqudgha
Makhleb
Nemelex Xobeh
Okawaru
Qazlal
Ru
Sif Muna
Trog
Uskayaw
Vehumet
Wu Jian
Xom
Yredelemnul
Zin
The Shining One

Shops:
D:5 *

Annotations:
D:9 Erica


Innate Abilities, Weirdness & Mutations

You reflexively headbutt those who attack you in melee.
You have a pair of horns on your head.


Message History

You are engulfed in a cloud of scalding steam.
Erica gestures at you while chanting. The orb of energy hits you!!
* * * LOW HITPOINT WARNING * * *
As you read the scroll of fear, it crumbles to dust.
You assume a fearsome visage.
Erica looks frightened!
The jelly looks frightened!
You are engulfed in a cloud of scalding steam.
Erica casts a spell.
Erica flickers and vanishes!
Deactivating autopickup; reactivate with Ctrl-A.
As you read the scroll of teleportation, it crumbles to dust.
You feel strangely unstable.
Your surroundings suddenly seem different.
A swamp worm comes into view.
The swamp worm throws harpoon shot at you.
You block the harpoon shot.
The swamp worm throws harpoon shot at you.
The harpoon shot hits you!
You die...

#....(<..............#.<......
#....................#........
#......[.............'........
####'#####..###.....####...#####
#......###..###.....####...####.
#......#....................#...
#......#....................'...
#...†..#....................#)..
#......#..).###@..####(...###...
#......#...)###...####....###...
#......#....)........>....#.....
#......#....[.............#.....
#......#....[.............#.....
#......#..................#.....
#......#...........w......#.....
.#......#..................#.....
........#+######.####...#########


You could see a swamp worm.

Vanquished Creatures
  A two-headed ogre (D:9)
  An ugly thing (D:7)
  A komodo dragon (D:8)
  A troll (D:9)
  A hippogriff (D:7)
  3 wyverns (D:8)
  A basilisk (D:8)
  A hungry ghost (D:6)
  A steam dragon (D:9)
  3 swamp worms (D:9)
  Edmund (D:5)
  A water moccasin (D:9)
  4 orc warriors
  An ice beast (D:3)
  A phantom (D:5)
  3 sky beasts
  A centaur (D:5)
  4 ogres
  2 crocodiles (D:8)
  A big kobold (D:6)
  4 bullfrogs
  2 water moccasin zombies (Ossuary)
  A wyvern zombie (D:7)
  3 scorpions
  A howler monkey (D:5)
  2 crimson imps
  A bullfrog zombie (D:8)
  5 hounds
  6 orc priests
  An iguana (D:5)
  5 orc wizards
  6 worker ants
  5 big kobold zombies (Ossuary)
  2 mummies (Ossuary)
  A worker ant zombie (D:7)
  12 adders
  3 shadow imps
  6 adder zombies
  3 adder skeletons
  A worm (D:2)
  8 leopard geckos
  31 orcs
  2 ball pythons
  5 giant cockroaches
  A gnoll zombie (Ossuary)
  4 hobgoblins
  9 jackals
  11 kobolds
  4 quokkas
  3 bats
  4 frilled lizards
  5 goblins
  5 hobgoblin zombies (Ossuary)
  A jackal zombie (D:6)
  4 kobold zombies (Ossuary)
  2 leopard gecko skeletons
  4 orc zombies (Ossuary)
  A quokka skeleton (D:4)
  8 rats
215 creatures vanquished.

Vanquished Creatures (others)
  A swamp drake (D:8)
  2 plants (D:9)
3 creatures vanquished.

Grand Total: 218 creatures vanquished

Notes
Turn   | Place    | Note
-------+----------+-------------------------------------------
     0 | D:1      | Peloso the Minotaur Fighter began the quest for the Orb.
     0 | D:1      | Reached XP level 1. HP: 19/19 MP: 0/0
   194 | D:1      | Reached XP level 2. HP: 27/27 MP: 1/1
   658 | D:2      | Reached XP level 3. HP: 20/33 MP: 2/2
   663 | D:2      | Reached skill level 3 in Long Blades
  1038 | D:2      | Found a basalt altar of Yredelemnul.
  1707 | D:3      | Reached XP level 4. HP: 23/41 MP: 3/3
  1858 | D:3      | Noticed an ice beast
  1872 | D:3      | Killed an ice beast
  1872 | D:3      | Reached skill level 4 in Long Blades
  1872 | D:3      | Reached skill level 5 in Shields
  1872 | D:3      | Reached XP level 5. HP: 11/47 MP: 4/4
  2157 | D:3      | Found a sacrificial altar of Ru.
  2305 | D:3      | Reached skill level 1 in Dodging
  2461 | D:3      | Found a hazy altar of Hepliaklqana.
  2461 | D:3      | Found a snail-covered altar of Cheibriados.
  2462 | D:3      | Found a burning altar of Makhleb.
  2529 | D:4      | Found a shattered altar of Ashenzari.
  2538 | D:4      | Reached XP level 6. HP: 51/55 MP: 5/5
  2607 | D:4      | Found a sand-covered staircase.
  2621 | Ossuary  | Entered an ossuary
  2749 | Ossuary  | Reached skill level 5 in Fighting
  2859 | Ossuary  | Reached skill level 5 in Armour
  2895 | Ossuary  | Reached skill level 5 in Long Blades
  2993 | Ossuary  | Reached XP level 7. HP: 34/61 MP: 6/6
  3357 | D:4      | Reached skill level 6 in Long Blades
  3963 | D:5      | Entered Level 5 of the Dungeon
  4318 | D:5      | Reached skill level 7 in Long Blades
  4336 | D:5      | Found Taimpaw's Elemental Accessories.
  4515 | D:5      | Found a staircase to the Ecumenical Temple.
  4535 | Temple   | Entered the Ecumenical Temple
  4564 | Temple   | Became a worshipper of Warmaster Okawaru
  4670 | D:5      | Reached XP level 8. HP: 70/70 MP: 7/7
  4748 | D:5      | Noticed Edmund
  4762 | D:5      | Killed Edmund
  4831 | D:5      | You fall into a shaft and drop 2 floors!
  4831 | D:7      | Found an iron altar of Okawaru.
  4964 | D:6      | Found a bloodstained altar of Trog.
  5315 | D:6      | Found an ornate altar of the Wu Jian Council.
  6009 | D:7      | Reached skill level 8 in Long Blades
  6121 | D:6      | Reached * piety under Okawaru
  6362 | D:7      | Found a hide-covered altar of Uskayaw.
  6444 | D:7      | Noticed a green ugly thing
  6452 | D:7      | Reached XP level 9. HP: 78/78 MP: 5/8
  6463 | D:7      | Killed a green ugly thing
  6463 | D:7      | Reached skill level 9 in Long Blades
  6469 | D:7      | Reached ** piety under Okawaru
  6754 | D:7      | Found a shimmering blue altar of Sif Muna.
  6840 | D:8      | Found a sparkling altar of Nemelex Xobeh.
  7026 | D:8      | Reached skill level 1 in Stealth
  7301 | D:8      | Reached skill level 10 in Long Blades
  7509 | D:8      | Reached *** piety under Okawaru
  7527 | D:8      | Noticed a komodo dragon
  7974 | D:8      | Killed a komodo dragon
  7974 | D:8      | Reached XP level 10. HP: 86/86 MP: 6/9
  8578 | D:8      | Found a staircase to the Lair.
  8931 | D:9      | HP: 2/88 [orc warrior/+0 war axe (8)]
  9520 | D:9      | Reached skill level 11 in Long Blades
  9972 | D:9      | Noticed a two-headed ogre
  9988 | D:9      | Killed a two-headed ogre
 10004 | D:9      | Reached skill level 10 in Shields
 10004 | D:9      | Reached skill level 1 in Invocations
 10179 | D:9      | Noticed Erica
 10193 | D:9      | Killed from afar by a swamp worm

Levels and vault maps discovered:
D:1:      giann_forest_graveyard, layout_basic
D:2:      layout_basic, overflow_temple_1_default, first_ration
D:3:      layout_basic, nicolae_ru_the_path_less_chosen,
          gammafunk_temple_overflow_claw
D:4:      layout_basic, cheibrodos_ashenzari_chains, enter_ossuary_2
D:5:      layout_loops_ring, minmay_temple_entry_tees, nicolae_elemental_shop,
          uniq_edmund
D:6:      minmay_recursive_quarters, layout_basic, bloody_trog,
          nicolae_overflow_hidden_temple
D:7:      minmay_blocky_corners, layout_cave_pools, lemuel_doored_altar,
          basic_altar, okawaru_gym_becter
D:8:      layout_loops_ring, nemelex_xobeh_ov_fountains_minmay, erik_lair_dragon
D:9:      layout_gridville, worms_lemuel, uniq_erica
Temple:   minmay_temple_bridge_abc

Skill      XL: |  1  2  3  4  5  6  7  8  9 10 |
---------------+-------------------------------+-----
Armour         | 4 5 6 7 9 |  9.7
Fighting       | 4 5 6 7 8 |  8.1
Shields        | 4 5 6 7 9 10 | 10.1
Long Blades    | 3 4 5 7 8 10 11 | 11.4
Dodging        | 1 2 3 |  3.5
Stealth        | 1 |  1.5
Invocations    | 1 |  1.1

Action                   |  1- 3 |  4- 6 |  7- 9 | 10-12 || total
-------------------------+-------+-------+-------+-------++-------
Melee: Long sword        |   118 |   198 |   404 |   134 ||   854
       Headbutt          |    14 |    41 |   119 |    29 ||   203
Invok: Heroism           |       |       |     4 |     5 ||     9
  Use: Potion            |     2 |     1 |     2 |       ||     5
       Scroll            |       |       |    12 |     4 ||    16
  Eat: Chunk             |     2 |     4 |    11 |     3 ||    20
       Ration            |       |       |     3 |     1 ||     4
Armor: Scale mail        |    66 |    64 |    19 |       ||   149
       Chain mail        |       |       |   109 |    62 ||   171
Dodge: Dodged            |    43 |    73 |    97 |    33 ||   246
Block: Shield            |    70 |    83 |   206 |    76 ||   435
       Rpst.: Long sword |    15 |    19 |    27 |    14 ||    75

Table legend:
 A = Non-vault XP
 B = Vault XP
 C = Vault XP percentage of total XP
 D = Non-vault monster count
 E = Vault monster count
 F = Vault count percentage of total count
                 A         B        C        D         E       F
            +---------+---------+-------+---------+---------+-------
      Total |    5819 |    3268 |  36.0 |     169 |      47 |  21.8
            +---------+---------+-------+---------+---------+-------
        D:1 |      22 |       0 |   0.0 |      13 |       0 |   0.0
        D:2 |      62 |       0 |   0.0 |      20 |       0 |   0.0
        D:3 |     292 |       0 |   0.0 |      31 |       0 |   0.0
        D:4 |     246 |       0 |   0.0 |      14 |       0 |   0.0
        D:5 |     523 |     164 |  23.9 |      10 |       1 |   9.1
        D:6 |     361 |      20 |   5.2 |       9 |       3 |  25.0
        D:7 |     766 |     914 |  54.4 |      31 |       5 |  13.9
        D:8 |    1176 |    1294 |  52.4 |      22 |       7 |  24.1
        D:9 |    2371 |     499 |  17.4 |      19 |       3 |  13.6
    Ossuary |       0 |     377 | 100.0 |       0 |      28 | 100.0
            +---------+---------+-------+---------+---------+-------
